 Seeded DCSS version 0.31.0-32-g396128a36d (webtiles) character file.

Game seed: 12084797388344163713 (custom seed)

4003 firemarshallily the Fighter (level 10, -4/85 HPs)
             Began as a Formicid Fighter on Apr 23, 2024.
             Was a Follower of Yredelemnul.
             Slain by a yak (10 damage)
             ... on level 8 of the Dungeon.
             The game lasted 00:25:51 (7820 turns).

firemarshallily the Fighter (Formicid Fighter)      Turns: 7820, Time: 00:25:52

Health: -4/85      AC:  9    Str: 24    XL:     10   Next: 47%
Magic:  10/10      EV:  9    Int:  9    God:    Yredelemnul [*.....]
Gold:   356        SH:  6    Dex: 13    Spells: 9/9 levels left

rFire   + . .        a - +0 war axe
rCold   + . .        l - +0 buckler {rC+ rF+}
rNeg    . . .        b - +0 scale mail
rPois   .            (helmet unavailable)
rElec   .            (no cloak)
rCorr   .            (no gloves)
SInv    +            y - +0 pair of boots
Will    +....        h - amulet of the acrobat Stlth
                     (no ring)
HPRegen 0.34/turn    (no ring)
MPRegen 0.12/turn

%: acrobat
@: no status effects
A: permanent stasis, dig shafts and tunnels, antennae 3, four strong arms
a: Dig, Shaft Self, Renounce Religion, Recall Undead Harvest


You were on level 8 of the Dungeon.
You worshipped Yredelemnul.
Yredelemnul was noncommittal.
You visited 1 branch of the dungeon, and saw 8 of its levels.

You collected 356 gold pieces.

Inventory:

Hand Weapons
 a - a +0 war axe (weapon)
Missiles
 d - a throwing net
 j - 10 boomerangs (quivered)
 k - 24 poisoned darts
 s - a curare-tipped dart
Armour
 b - a +0 scale mail (worn)
 f - a +0 kite shield
 l - a +0 buckler of resistance (worn)
 y - a +0 pair of boots (worn)
Jewellery
 h - an amulet of the acrobat (around neck)
Wands
 B - a wand of mindburst (8)
 C - a wand of light (6)
 D - a wand of iceblast (5)
Scrolls
 c - a scroll of fog
 g - 5 scrolls of teleportation
 i - 2 scrolls of torment {unknown}
 m - 2 scrolls of vulnerability {unknown}
 n - 2 scrolls of revelation {unknown}
 o - 3 scrolls of enchant armour {unknown}
 p - a scroll of enchant weapon {unknown}
 r - a scroll of noise {unknown}
 t - a scroll of amnesia
 w - a scroll of poison {unknown}
 x - a scroll of immolation {unknown}
 A - 3 scrolls of identify {unknown}
Potions
 e - a potion of haste
 q - 3 potions of enlightenment
 u - a potion of invisibility {unknown}
 v - a potion of magic {unknown}


   Skills:
 * Level 9.9 Fighting
 * Level 8.8 Axes
 + Level 7.0 Armour
 + Level 8.6 Shields


You had 9 spell levels left.
You didn't know any spells.
Your spell library contained the following spells:

 Spells                   Type           Power      Damage    Failure   Level
 Apportation              Tloc           0%         N/A       71%         1
 Foxfire                  Conj/Fire      0%         2x1d4     71%         1
 Necrotise                Necr           0%         1d4       71%         1
 Sting                    Conj/Alch      0%         1d3       71%         1
 Summon Small Mammal      Summ           0%         N/A       71%         1
 Ensorcelled Hibernation  Hex/Ice        0%         N/A       85%         2
 Lesser Beckoning         Tloc           0%         N/A       85%         2
 Gell's Gravitas          Tloc           0%         N/A       97%         3
 Passwall                 Erth           0%         N/A       97%         3
 Teleport Other           Tloc           0%         N/A       97%         3
 Plasma Beam              Fire/Air       0%         2x1d10    100%        6
 Starburst                Conj/Fire      0%         6d3       100%        6
 Swiftness                Air            Unusable   N/A       N/A         3

Dungeon Overview and Level Annotations

Branches:
Dungeon (8/15)             Temple (0/1) D:5
   Lair: D:8-11

Altars:
Elyvilon
Kikubaaqudgha
Makhleb
Qazlal
Ru
Sif Muna
Vehumet
Wu Jian
Yredelemnul

Shops:
D:1 (   D:3 =*(   D:5 [   D:6 :

Annotations:
D:6 2 transporters


Innate Abilities, Weirdness & Mutations

You cannot be hasted, slowed, berserked, paralysed or teleported.
You can dig through walls and to a lower floor.
You have a pair of large antennae on your head. (SInv)
Your four strong arms can wield two-handed weapons with a shield.


Message History

You hit the yak.
The yak is almost dead.
You hit the yak. You closely miss the yak. You hit the yak.
You barely miss the yak. The yak gores you but does no damage.
The yak gores you!
You block the yak's attack. x2; The yak gores you!
You slash the yak!
You kill the yak!
You hit the yak. You slash the yak! x2; You hit the yak.
The yak barely misses you. x2; The yak gores you.
The yak barely misses you.
Unknown command.
You closely miss the yak.
The yak is severely wounded.
You hit the yak but do no damage. You barely miss the yak.
You hit the yak but do no damage. The yak gores you!
You block the yak's attack. The yak barely misses you. The yak gores you!
Unknown command.
You hit the yak.
The yak is severely wounded.
You hit the yak but do no damage. You slash the yak! You closely miss the yak.
You block the yak's attack. The yak barely misses you. The yak gores you. x2
The yak gores you but does no damage. The yak gores you.
* * * LOW HITPOINT WARNING * * *
You block the yak's attack. The yak gores you.
* * * LOW HITPOINT WARNING * * *
You slash the yak!
You kill the yak!
You slash the yak! x2; You barely miss the yak.
The dead are walking!
You block the yak's attack. The yak gores you!
* * * LOW HITPOINT WARNING * * *
The yak barely misses you.
Unknown command.
You feel better. The yak gores you!
* * * LOW HITPOINT WARNING * * *
The yak barely misses you. x2
You hit the yak.
You kill the yak!
You slash the yak! You hit the yak.
Your yak zombie gores the yak.
The yak gores you!
You die...
Your body rises from the dead as a mindless zombie.

........##.[.......#
........#..#.......#
..........##......##
........#..#......#
......<.##........#
.......ยง####......#
........# ##.....#
.......## ##....#
......## ##.@Y#
....## #...ZY..#
.... #.........#
.... ..........#
........!.#
..........#
..........#
.........)#


You could see 2 yaks and a friendly yak zombie.

Vanquished Creatures
  Grinder (D:3)
  Prince Ribbit (D:5)
  A wyvern (D:7)
  3 yaks (D:8)
  A human (D:3)
  2 steam dragons
  2 orc warriors
  A black bear (D:5)
  The ghost of flammie80 the Trooper, an amateur FoMo (D:4)
  2 phantoms
  2 kobold brigands
  A bullfrog (D:8)
  A water moccasin zombie (D:6)
  A wyvern zombie (D:6)
  3 scorpions
  7 wights
  A howler monkey (D:6)
  A bombardier beetle (D:3)
  2 centaur zombies (D:6)
  3 bullfrog zombies (D:6)
  A hound (D:7)
  10 orc priests
  A human skeleton (D:3)
  A jelly (D:6)
  2 iguanas
  7 orc wizards
  2 killer bee zombies (D:6)
  A howler monkey zombie (D:6)
  10 gnolls
  4 adders
  A shadow imp (D:5)
  2 ribbon worms (D:2)
  2 dart slugs
  26 orcs
  6 ball pythons
  6 endoplasms
  6 giant cockroaches
  5 goblins
  3 hobgoblins
  15 kobolds
  5 quokkas
  4 bats
  3 frilled lizards
  A jackal skeleton (D:3)
  A jackal zombie (D:3)
  7 rats
169 creatures vanquished.

Vanquished Creatures (collateral kills)
  A bullfrog (D:7)
  A scorpion (D:7)
  4 wights (D:7)
  A jelly (D:5)
  A gnoll bouda (D:7)
  A gnoll (D:7)
  An adder (D:5)
  A ribbon worm (D:5)
  4 orcs
  A kobold (D:4)
16 creatures vanquished.

Vanquished Creatures (others)
  A wyvern zombie (D:7)
  3 scorpion zombies
  A howler monkey zombie (D:6)
  A steam dragon zombie (D:8)
  2 adder zombies (D:5)
  An iguana zombie (D:4)
  A jelly zombie (D:5)
  11 orc zombies
  6 gnoll zombies
  A ball python zombie (D:4)
  A goblin zombie (D:4)
  7 kobold zombies
  A quokka zombie (D:5)
37 creatures vanquished.

Grand Total: 222 creatures vanquished

Notes
Turn   | Place    | Note
-------+----------+-------------------------------------------
     0 | D:1      | firemarshallily the Formicid Fighter began the quest for
                  | the Orb.
     0 | D:1      | Reached XP level 1. HP: 18/18 MP: 1/1
    86 | D:1      | Reached XP level 2. HP: 14/24 MP: 2/2
   364 | D:1      | Found Agoku's Weapon Shoppe.
   509 | D:1      | Reached XP level 3. HP: 30/30 MP: 3/3
   952 | D:2      | Reached skill level 4 in Fighting
   966 | D:2      | Reached XP level 4. HP: 37/37 MP: 4/4
  1545 | D:3      | Found a sacrificial altar of Ru.
  1645 | D:3      | Noticed Grinder
  1658 | D:3      | Killed Grinder
  1659 | D:3      | Reached skill level 5 in Fighting
  1659 | D:3      | Reached skill level 5 in Shields
  1659 | D:3      | Reached XP level 5. HP: 33/44 MP: 5/5
  1659 | D:3      | Reached XP level 6. HP: 38/51 MP: 6/6
  1741 | D:3      | Found a faded altar of an unknown god.
  1896 | D:3      | Found Zuigyafi's General Store.
  1897 | D:3      | Found Raczeage's Jewellery Shoppe.
  2219 | D:3      | Found an ancient bone altar of Kikubaaqudgha.
  2262 | D:3      | Found Vauc's Weapon Emporium.
  2276 | D:3      | Found a runed translucent door.
  2276 | D:3      | Noticed a human
  2280 | D:3      | Found a basalt altar of Yredelemnul.
  2332 | D:3      | Killed a human
  2459 | D:3      | Became a worshipper of Yredelemnul the Dark
  2601 | D:4      | Found a runed translucent gate.
  2601 | D:4      | Found a runed translucent gate.
  2601 | D:4      | Found a runed translucent gate.
  2601 | D:4      | Noticed flammie80's ghost (amateur FoMo)
  2625 | D:4      | Reached XP level 7. HP: 43/56 MP: 7/7
  2682 | D:4      | Reached * piety under Yredelemnul
  3343 | D:4      | Found a stormy altar of Qazlal.
  3611 | D:4      | Reached skill level 6 in Fighting
  3611 | D:4      | Reached skill level 5 in Axes
  3647 | D:4      | Killed flammie80's ghost
  3648 | D:4      | Reached XP level 8. HP: 34/64 MP: 8/8
  3777 | D:5      | Entered Level 5 of the Dungeon
  3894 | D:5      | Reached skill level 5 in Armour
  4016 | D:5      | Found a staircase to the Ecumenical Temple.
  4073 | D:5      | Found Vimemytz's Antique Armour Shoppe.
  4387 | D:5      | Noticed Prince Ribbit
  4419 | D:5      | Killed Prince Ribbit
  4548 | D:5      | Identified the +4 leather armour "Yninatz" {rPois Will-
                  | Int+3}
  4588 | D:5      | Reached skill level 7 in Fighting
  4801 | D:5      | Found a white marble altar of Elyvilon.
  4991 | D:6      | Found Veot's Book Shoppe.
  5021 | D:6      | Reached XP level 9. HP: 37/72 MP: 9/9
  5449 | D:6      | Reached skill level 8 in Fighting
  6050 | D:6      | Found a transporter.
  6111 | D:6      | Found a transporter.
  6463 | D:7      | Reached skill level 9 in Fighting
  6463 | D:7      | Reached XP level 10. HP: 30/83 MP: 10/10
  6750 | D:7      | Found a radiant altar of Vehumet.
  6761 | D:7      | Reached ** piety under Yredelemnul
  6770 | D:7      | Found an ornate altar of the Wu Jian Council.
  7360 | D:7      | Reached *** piety under Yredelemnul
  7377 | D:7      | Found a shimmering blue altar of Sif Muna.
  7464 | D:7      | Found a burning altar of Makhleb.
  7820 | D:8      | Slain by a yak

Illustrated notes

Levels and vault maps discovered:
D:1:      roderic_chinese_lattice_arrival, layout_loops_ring, serial_shops,
          nicolae_shop_tiny_waterfront, minmay_tripent
D:2:      layout_loops_ring
D:3:      layout_basic, dk_yredelemnul_ordeal, mainiacjoe_overflow_alcove_4,
          nicolae_kikubaaqudgha_miasma_corner, serial_shops, shop, shop, shop,
          hellmonk_ecumenical_altar_heavens_door, minivault_25, uniq_grinder
D:4:      kennysheep_big_flooded_room, layout_basic,
          nicolae_qazlal_eye_of_the_storm, gammafunk_ghost_nasty_kobolds
D:5:      layout_cave_pods, overflow_temple_1_default,
          minmay_temple_entry_glass, serial_shops,
          nicolae_shop_just_a_little_nook, uniq_prince_ribbit1
D:6:      gammafunk_cloud_chamber, layout_basic, serial_shops,
          nicolae_stop_n_shop_1, serial_undead, serial_undead_a,
          serial_undead_f, serial_undead_b, serial_undead_c, serial_undead_e,
          serial_undead_e, serial_undead_f, serial_undead_e, nicolae_the_louvre
D:7:      layout_loops_ring, mainiacjoe_overflow_alcove_1,
          nicolae_sif_muna_little_library, mainiacjoe_overflow_large_starburst
D:8:      layout_cave_pods, marbit_many_paths, enter_bailey_5, serial_shops,
          shop, shop

Skill      XL: |  1  2  3  4  5  6  7  8  9 10 |
---------------+-------------------------------+-----
Fighting       | 4 5 6 7 9 |  9.9
Axes           | 4 5 6 7 8 |  8.8
Armour         | 4 5 6 7 |  7.0
Shields        | 5 6 7 8 |  8.6

Action                     |  1- 3 |  4- 6 |  7- 9 | 10-12 || total
---------------------------+-------+-------+-------+-------++-------
  Melee: War axe           |   102 |    89 |   288 |    99 ||   578
  Throw: Boomerang         |       |     5 |       |       ||     5
         Dart              |       |     2 |       |       ||     2
 Invoke: Recall Undead Har |       |       |     1 |     1 ||     2
Ability: Dig               |     1 |       |       |       ||     1
    Use: Potion            |       |       |     8 |     1 ||     9
         Scroll            |       |       |       |     3 ||     3
   Stab: Distracted        |       |       |     1 |       ||     1
 Armour: Scale mail        |    60 |    48 |   237 |    64 ||   409
  Dodge: Dodged            |    56 |    34 |   141 |    50 ||   281
  Block: Buckler           |    20 |    22 |    91 |    33 ||   166
